Map: Winter's Gate LE

Players

xenon - Winner!

  • Race: Protoss Protoss
  • League: Master
  • Spawn Location: 11:00

Mez

  • Race: Terran Terran
  • League: Master
  • Spawn Location: 5:00

VOD

Have the link to the VOD?

Description

Time

  • Played on: Sept. 4, 2019, 3:33 a.m.
  • Length: 13:42
Show
View Real Time Build Order
Export as new Build Order

xenon Protoss - Winner!

Build Orders: 1 Gate Expand, Double Forge, Blink Stalkers, Colossus Rush 

Get SALT Encoding   

  12  0:01  Probe  
  13  0:13  Probe  
  14  0:20  Pylon  
  14  0:25  Probe  
  15  0:35  Probe  
  15  0:39  Gateway  
  16  0:43  Probe  
  16  0:49  Assimilator  
  17  0:53  Probe  
  18  1:05  Probe  
  19  1:21  Nexus  
  19  1:30  Cybernetics Core  
  19  1:33  Probe  
  19  1:39  Assimilator  
  20  1:45  Probe  
  21  1:50  Pylon  
  21  1:57  Probe  
  21  1:58  Stalker  
  22  2:09  Probe  
  22  2:14  Twilight Council  
  25  2:22  Probe  
  26  2:25  Warp Gate  
  26  2:32  Probe  
  26  2:33  Probe  
  26  2:34  Stalker  
  30  2:40  Probe  
  30  2:41  Probe  
  30  2:49  Probe  
  30  2:50  Probe  
  33  2:59  Blink  
  33  3:02  Probe x2  
  35  3:12  Probe  
  35  3:14  Probe  
  35  3:15  Pylon  
  37  3:20  Probe  
  37  3:24  Robotics Facility  
  37  3:26  Probe  
  39  3:29  Probe  
  40  3:34  Pylon  
  40  3:38  Probe  
  40  3:40  Assimilator  
  40  3:41  Probe  
  42  3:43  Assimilator  
  42  3:50  Probe, Stalker  
  42  3:53  Probe  
  46  4:01  Forge x2  
  46  4:03  Probe  
  46  4:05  Probe  
  48  4:12  Observer  
  48  4:15  Probe  
  50  4:19  Robotics Bay  
  50  4:21  Probe  
  50  4:22  Pylon  
  50  4:23  Protoss Ground Weapons Level 1  
  50  4:24  Protoss Ground Armor Level 1  
  51  4:27  Probe  
  51  4:29  Stalker  
  54  4:33  Observer  
  54  4:34  Probe  
  56  4:39  Probe  
  57  4:46  Probe  
  57  4:51  Probe  
  59  4:53  Gateway x2  
  59  4:56  Gateway  
  59  4:57  Observer  
  59  4:58  Probe  
  61  5:03  Sentry  
  61  5:05  Observer  
  63  5:08  Pylon  
  63  5:11  Pylon, Charge  
  62  5:28  Colossus  
  62  5:29  Nexus  
  62  5:30  Pylon  
  68  5:37  Probe x2  
  68  5:42  Extended Thermal Lance  
  70  5:49  Probe  
  71  5:56  Zealot x4  
  79  6:01  Probe x2  
  81  6:13  Protoss Ground Armor Level 2, Probe x2, Protoss Ground Weapons Level 2  
  83  6:20  Gateway  
  83  6:21  Gateway  
  83  6:24  Gateway  
  83  6:25  Gateway  
  83  6:27  Pylon x2  
  83  6:30  Colossus  
  89  6:46  Observer, Probe x3  
  92  6:49  Assimilator  
  92  6:52  Templar Archives  
  92  6:53  Assimilator  
  92  6:55  Sentry  
  92  6:58  Probe x2, Zealot  
  98  7:02  Probe  
  99  7:09  Observer  
  99  7:10  Probe x2  
  99  7:13  Photon Cannon  
  99  7:14  Shield Battery, Probe  
  102  7:17  Pylon  
  102  7:23  Colossus  
  108  7:40  Zealot  
  108  7:41  Zealot x6  
  98  8:07  Protoss Ground Weapons Level 3, Protoss Ground Armor Level 3  
  98  8:09  Zealot x2  
  98  8:10  Zealot x6  
  114  8:24  Probe x2  
  114  8:25  Probe  
  117  8:29  Colossus  
  117  8:30  Psionic Storm  
  123  8:36  Probe  
  123  8:37  Nexus, Stalker x4  
  123  8:39  Pylon  
  132  8:48  Pylon x2  
  132  8:50  Pylon  
  132  8:52  Pylon  
  132  9:00  Pylon x2  
  132  9:01  Pylon  
  132  9:03  Pylon x2  
  132  9:06  High Templar x3  
  132  9:07  High Templar x2  
  142  9:13  Zealot x3  
  148  9:21  Assimilator  
  148  9:26  Observer x2, Assimilator  
  148  9:29  Shield Battery  
  149  9:31  Shield Battery  
  149  9:32  Photon Cannon  
  149  9:52  Zealot x4  
  155  9:53  Zealot x4  
  165  10:05  Gateway  
  165  10:06  Gateway  
  165  10:08  Gateway  
  165  10:10  Gateway  
  165  10:14  Warp Prism  
  165  10:17  Gravitic Drive  
  167  10:24  Pylon  
  167  10:25  High Templar x4  
  167  10:26  High Templar x2  
  167  10:28  Stalker x2  
  183  10:30  Archon x2  
  183  10:31  Archon  
  181  10:43  Photon Cannon  
  181  10:46  Photon Cannon  
  181  10:50  Photon Cannon  
  181  10:52  Pylon  
  181  10:58  Stalker x5  
  181  10:59  Stalker  
  193  11:11  Stalker x3  
  187  11:23  High Templar  
  187  11:24  High Templar x3  
  187  11:25  High Templar x2  
  194  11:29  Archon x3  
  194  11:30  Zealot  
  194  11:32  Zealot  
  194  11:44  Zealot x2  
  194  11:45  Zealot  
  200  12:09  Nexus  
  200  12:11  Pylon  
  200  12:14  Assimilator  
  194  12:16  Assimilator  
  155  12:23  Zealot x2  
  155  12:24  Zealot x5  
  155  12:25  Zealot x4  
  155  12:26  Zealot  
  155  12:27  Immortal  
  150  12:59  Archon x2  
  150  13:03  High Templar  
  150  13:04  High Templar x4  
  150  13:05  High Templar x3  
  158  13:06  Zealot x4  
  158  13:09  Archon x3  
  158  13:10  Archon  
  152  13:38  Stalker x6  
  152  13:39  Stalker x4  
Show
View Real Time Build Order
Export as new Build Order

Mez Terran 

Build Orders: Reaper Expand 

Get SALT Encoding   

  12  0:01  SCV  
  13  0:13  SCV  
  14  0:17  Supply Depot  
  14  0:25  SCV  
  15  0:38  SCV  
  15  0:40  Barracks  
  16  0:44  Refinery  
  16  0:50  SCV  
  17  1:02  SCV  
  18  1:14  SCV  
  19  1:30  Orbital Command, Reaper  
  20  1:40  Command Center  
  20  1:49  Bunker  
  20  1:57  Supply Depot  
  20  1:59  SCV  
  21  2:05  Marine  
  22  2:11  SCV  
  23  2:23  SCV  
  23  2:27  Barracks Reactor  
  24  2:37  Command Center  
  24  2:38  SCV  
  25  2:48  Factory  
  25  2:50  SCV  
  26  2:57  Orbital Command  
  26  3:03  Refinery, SCV  
  27  3:06  Marine  
  27  3:07  Marine  
  29  3:15  SCV  
  30  3:23  SCV  
  30  3:24  Marine x2  
  33  3:32  Widow Mine  
  33  3:33  Starport  
  35  3:35  SCV  
  35  3:36  SCV  
  37  3:45  Marine x2  
  37  3:48  SCV x2  
  41  3:49  Orbital Command  
  41  3:53  Widow Mine, Refinery  
  43  4:00  SCV x2  
  45  4:03  Marine x2  
  47  4:12  Starport Tech Lab  
  47  4:13  Barracks  
  47  4:14  SCV x2  
  49  4:17  Supply Depot  
  49  4:21  SCV  
  49  4:24  Barracks  
  50  4:25  Factory Tech Lab  
  50  4:26  SCV  
  51  4:32  SCV  
  51  4:33  SCV  
  51  4:34  Raven  
  51  4:35  Marine x2  
  57  4:38  SCV  
  57  4:40  Supply Depot  
  57  4:44  SCV  
  59  4:46  SCV  
  59  4:47  Siege Tank  
  59  4:50  SCV  
  64  4:53  Marine  
  64  4:56  SCV  
  64  4:57  Refinery, Marine  
  64  4:58  SCV  
  68  5:10  SCV x2  
  68  5:11  Marine  
  68  5:13  Supply Depot  
  68  5:14  Engineering Bay x2  
  70  5:27  Siege Tank  
  73  5:28  SCV  
  73  5:29  Starport Reactor, SCV x2  
  73  5:30  Barracks Tech Lab  
  73  5:32  Stimpack  
  73  5:33  Marine  
  73  5:34  Marine  
  73  5:35  Marauder  
  80  5:40  SCV  
  81  5:44  Terran Infantry Armor Level 1, Terran Infantry Weapons Level 1  
  81  5:48  Barracks  
  81  5:49  Supply Depot  
  81  5:50  Barracks  
  81  5:53  Orbital Command  
  81  5:54  Supply Depot  
  81  6:01  Orbital Command  
  81  6:08  Supply Depot  
  81  6:12  Factory Reactor  
  81  6:15  Medivac x2  
  81  6:16  Marauder  
  81  6:17  Marauder  
  89  6:21  SCV x2  
  91  6:28  SCV  
  91  6:29  Marine x2  
  94  6:36  Barracks Reactor  
  94  6:37  Barracks Tech Lab  
  94  6:38  Marauder x2  
  98  6:40  Armory, SCV x2  
  98  6:42  Supply Depot  
  98  6:47  Medivac, Marine  
  100  6:52  Widow Mine  
  100  6:53  Widow Mine, Medivac  
  109  6:56  Refinery  
  109  6:57  Refinery  
  109  7:03  Supply Depot, SCV x3  
  109  7:06  Supply Depot  
  109  7:07  Concussive Shells  
  112  7:13  Marauder x2, Marine  
  117  7:25  Marauder, SCV x3, Marine x3  
  117  7:27  Medivac  
  117  7:29  Supply Depot x2  
  127  7:30  Command Center  
  127  7:37  SCV x2  
  127  7:38  Supply Depot  
  129  7:45  Marauder x2  
  129  7:46  Marine  
  129  7:47  Marine  
  129  7:48  Marauder  
  109  8:06  Marine x3  
  109  8:07  Marauder x2  
  109  8:09  Marauder  
  118  8:14  Marine  
  119  8:23  Terran Infantry Armor Level 2, Terran Infantry Weapons Level 2  
  119  8:24  Marine x3  
  119  8:25  Starport, SCV x3  
  119  8:27  Starport  
  121  8:28  Marauder x2  
  121  8:29  Terran Ship Weapons Level 1  
  121  8:31  Marauder  
  121  8:32  Marine  
  128  8:38  Supply Depot x2  
  128  8:43  Viking x2  
  130  8:49  Marauder x2, Marine x3  
  130  8:50  Marine  
  130  8:52  Marauder  
  140  8:58  SCV x2  
  142  9:03  Starport Tech Lab, Fusion Core  
  142  9:16  Viking x2  
  142  9:17  Viking x2  
  148  9:22  Marauder x3  
  156  9:27  Marine x4  
  156  9:31  Planetary Fortress  
  160  9:33  Liberator  
  160  9:38  Sensor Tower  
  160  9:41  Sensor Tower  
  160  9:43  Marine  
  160  9:44  Marauder  
  163  9:46  Viking x2  
  163  9:49  Marauder, Marine x3  
  175  9:57  Supply Depot  
  175  9:58  Supply Depot, Barracks  
  175  9:59  Viking x2, Barracks  
  179  10:00  Barracks  
  179  10:01  Marauder  
  179  10:04  SCV x2  
  179  10:05  Marauder  
  185  10:10  Refinery  
  184  10:14  Refinery  
  184  10:15  Marauder, Marine x2  
  184  10:16  Liberator x2  
  184  10:18  Ghost Academy, Viking  
  190  10:23  Marauder  
  198  10:36  Advanced Ballistics  
  198  10:57  Marauder  
  198  10:58  Barracks Tech Lab x3, Command Center  
  198  10:59  Command Center  
  198  11:02  Liberator x4  
  199  11:49  Enhanced Shockwaves  
  199  12:04  Unknown  
  199  12:07  Liberator x4  
  199  12:11  Refinery  
  199  12:15  Refinery, Unknown  
  182  12:20  SCV  
  182  12:21  SCV x5  
  182  12:33  SCV x2  
  183  12:38  Marine  
  183  12:39  Marauder  
  123  13:03  Marauder x2, Marine x4  
  123  13:04  Marauder  
  100  13:06  Unknown  
  100  13:07  Marauder x2, Unknown x2, Marine  
  96  13:20  Marine  
  96  13:21  Marine x2  
Tags
 
Add a new tag
Caveats
  • Supply blocks, unpowered buildings, or Contaminate may cause inaccurate times.
  • Supply counts are checked every 10 seconds.